 Dungeon Crawl Stone Soup version 0.30-a0-210-g01b79a254e (webtiles) character file.

Game seed: 341123690433164826

13576 zishaf the Dancer (level 12, -11/66 HPs)
             Began as a Vine Stalker Brigand on Oct 4, 2022.
             Was a Believer of Uskayaw.
             Mangled by a skeletal warrior
             ... wielding a +0 flail
              (19 damage)
             ... on level 11 of the Dungeon.
             The game lasted 00:26:47 (10291 turns).

zishaf the Dancer (Vine Stalker Brigand)           Turns: 10291, Time: 00:26:48

Health: -11/66     AC: 15    Str: 19    XL:     12   Next: 7%
Magic:  0/31       EV: 11    Int: 10    God:    Uskayaw [**....]
Gold:   756        SH:  6    Dex: 19    Spells: 11/11 levels left

rFire   . . .      SeeInvis .    F - +2 long sword (holy)
rCold   . . .      Faith    .    k - +0 buckler
rNeg    . . .      Spirit   +    I - +3 leather armour
rPois   .          Reflect  .    x - +2 hat
rElec   .          Harm     .    c - +1 cloak
rCorr   .          Rampage  .    (no gloves)
Will    +....      Clarity  +    V - +0 pair of boots
Stlth   +++.......               q - amulet of the acrobat
HPRegen 1.11/turn                w - +4 ring of protection
MPRegen 0.22/turn                t - ring of magical power

@: no status effects
A: fangs 3, regeneration 1, magic shield, antimagic bite, no potion heal 2,
clarity, strong 1
a: Renounce Religion, Stomp, Line Pass


You were on level 11 of the Dungeon.
You worshipped Uskayaw.
Uskayaw was pleased with you.
You visited 2 branches of the dungeon, and saw 12 of its levels.
You also visited: Bailey.

You collected 756 gold pieces.

Inventory:

Hand Weapons
 a - a +5 dagger
 b - a +2 dagger of venom
 z - a +4 long sword
 F - a +2 long sword of holy wrath (weapon)
Missiles
 d - 43 poisoned darts (quivered)
 e - 10 curare-tipped darts
 D - 14 boomerangs
 E - 8 datura-tipped darts
 K - 2 throwing nets
 Q - 2 javelins
Armour
 c - a +1 cloak (worn)
 k - a +0 buckler (worn)
 x - a +2 hat (worn)
 A - the +1 ring mail of Bimeusi {Int+4}
   (You found it on level 6 of the Dungeon)

   Int:       It affects your intelligence (+4).
 I - a +3 leather armour (worn)
 V - a +0 pair of boots (worn)
Jewellery
 m - a ring of willpower
 q - an amulet of the acrobat (around neck)
 r - a ring of ice
 t - a ring of magical power (right hand)
 w - a +4 ring of protection (left hand)
 C - a ring of protection from fire
 P - a ring of flight
 R - a ring of protection from fire
Wands
 i - a wand of iceblast (14)
 s - a wand of light (6)
 y - a wand of flame (23)
 L - a wand of mindburst (21)
Scrolls
 g - 3 scrolls of enchant armour
 u - 3 scrolls of teleportation
 v - a scroll of magic mapping
 G - a scroll of enchant weapon
 J - 4 scrolls of fear
 T - a scroll of butterflies
Potions
 f - 2 potions of invisibility
 h - 3 potions of ambrosia
 j - 2 potions of might
 l - 3 potions of haste
 n - 7 potions of curing
 o - a potion of cancellation {unknown}
 p - 5 potions of mutation
 B - a potion of heal wounds {unknown}
 M - a potion of magic {unknown}
 N - 2 potions of berserk rage
 S - 2 potions of brilliance


   Skills:
 + Level 9.1 Fighting
 - Level 8.0 Short Blades
 - Level 2.0 Throwing
 - Level 1.0 Dodging
 - Level 5.0 Stealth
 - Level 4.0 Shields
 * Level 12.5 Invocations
 - Level 4.0 Evocations


You had 11 spell levels left.
You didn't know any spells.
Your spell library contained the following spells:

 Spells                   Type           Power      Damage    Failure   Level
 Beastly Appendage        Tmut           0%         N/A       52%         1
 Magic Dart               Conj           0%         1d3       52%         1
 Sting                    Tmut/Pois      0%         1d3       52%         1
 Poisonous Vapours        Pois/Air       0%         N/A       65%         2
 Searing Ray              Conj           0%         2d4       65%         2
 Wereblood                Tmut           0%         N/A       65%         2
 Kindle Blastsparks       Fire/Tloc/Air  0%         2d10      87%         3
 Spider Form              Tmut/Pois      0%         N/A       87%         3
 Summon Guardian Golem    Hex/Summ       0%         N/A       87%         3
 Fulminant Prism          Conj/Hex       0%         3d6       99%         4
 Iskenderun's Mystic Bla  Conj/Tloc      0%         2d3       99%         4
 Olgreb's Toxic Radiance  Pois           0%         N/A       99%         4
 Fireball                 Conj/Fire      0%         3d3       100%        5
 Iskenderun's Battlesphe  Conj           0%         2d6       100%        5
 Lee's Rapid Deconstruct  Erth           0%         3d5*      100%        5
 Summon Forest            Summ/Tloc      0%         N/A       100%        5
 Conjure Ball Lightning   Conj/Air       0%         3x3d6     100%        6
 Eringya's Noxious Bog    Tmut/Pois      0%         N/A       100%        6
 Orb of Destruction       Conj           0%         9d5       100%        7
 Spellforged Servitor     Conj/Summ      0%         N/A       100%        7
 Summon Hydra             Summ           0%         N/A       100%        7


Dungeon Overview and Level Annotations

Branches:
Dungeon (11/15)            Temple (1/1) D:5            Lair (0/5) D:11
    Orc (0/2) D:11         Bailey (visited)

Altars:
Ashenzari
Cheibriados
Dithmenos
Elyvilon
Fedhas
Gozag
Hepliaklqana
Kikubaaqudgha
Makhleb
Nemelex Xobeh
Okawaru
Qazlal
Ru
Sif Muna
Trog
Uskayaw
Vehumet
Wu Jian
Xom
Yredelemnul
Zin
The Shining One

Shops:
D:4 *   D:8 (


Innate Abilities, Weirdness & Mutations

You have razor-sharp teeth.
Your natural rate of healing is unusually fast.
When hurt, damage is shared between your health and your magic reserves.
Your bite disrupts and absorbs the magic of your enemies.
Potions cannot restore your health.
You possess an exceptional clarity of mind.
Your muscles are strong. (Str +4, Int/Dex -1)


Message History

Your bite misses the skeletal warrior.
The skeletal warrior is severely damaged.
You block the skeletal warrior's attack.
You hit the skeletal warrior but do no damage.
You bite the skeletal warrior. You drain its power.
You feel invigorated.
The skeletal warrior is severely damaged.
The skeletal warrior barely misses you.
You hit the skeletal warrior but do no damage.
Your bite misses the skeletal warrior.
The skeletal warrior is severely damaged.
The skeletal warrior hits you with a +0 flail!
You hit the skeletal warrior.
The skeletal warrior convulses.
You bite the skeletal warrior, but do no damage.
The skeletal warrior is severely damaged.
You block the skeletal warrior's attack.
The skeletal warrior hits you with a +0 flail!
* * * LOW HITPOINT WARNING * * *
You hit the skeletal warrior but do no damage.
You bite the skeletal warrior. You drain its power.
You feel invigorated.
The skeletal warrior is severely damaged.
The skeletal warrior hits you with a +0 flail.
* * * LOW HITPOINT WARNING * * *
You barely miss the skeletal warrior.
You bite the skeletal warrior, but do no damage.
The skeletal warrior is severely damaged.
The skeletal warrior closely misses you.
You hit the skeletal warrior but do no damage.
You bite the skeletal warrior. You drain its power.
You feel invigorated.
The skeletal warrior is almost destroyed.
The skeletal warrior hits you with a +0 flail.
* * * LOW HITPOINT WARNING * * *
You hit the skeletal warrior but do no damage.
The skeletal warrior is almost destroyed.
The skeletal warrior hits you with a +0 flail!
* * * LOW HITPOINT WARNING * * *
You hit the skeletal warrior.
The skeletal warrior convulses.
You bite the skeletal warrior. You drain its power.
You feel invigorated.
The skeletal warrior is almost destroyed.
The skeletal warrior hits you with a +0 flail!!
You die...

####...####....###..........#.###
# #...# #....# #..........#.# #
#...# #....# #..........#.# #
#...# #....############.#.#
####...# #####.....# #.#.###
...#...########.....# #......
##.#..........'.....# ###.##.
##......#####*#.z...# #z##.
###.....########@#***########.##.
# ####.........#.# #........... #
##..######.#.#####.####...... #
#......###.#............#.#..
#.###....#.#######.#.####.### #.#
#......# #.#......... #.#
#####..#######.#.####.##. #.#
##......##.#.......#. ##'####
#......##.#.#.##..#.


You could see a skeletal warrior.

Vanquished Creatures
  Erolcha (D:10)
  3 two-headed ogres
  3 skeletal warriors (D:11)
  An orc knight (Bailey)
  A cyclops (D:11)
  A kobold demonologist (D:9)
  A troll (D:6)
  A wyvern (D:11)
  A spriggan (D:10)
  20 yaks
  Menkaure (D:7)
  2 water moccasins (D:8)
  7 orc warriors
  2 sky beasts
  2 black bears
  2 ice beasts
  2 ogres
  3 centaurs
  2 phantoms
  7 kobold brigands
  3 bullfrogs
  2 gnoll sergeants (D:8)
  2 scorpions
  8 wights
  8 killer bees
  7 howler monkeys
  3 hounds
  8 orc priests
  4 jellies
  3 iguanas
  10 orc wizards
  3 adders
  17 gnolls
  2 white imps
  4 ufetubi
  A worm (D:2)
  3 dart slugs
  34 orcs
  2 endoplasms
  A giant cockroach (D:1)
  9 goblins
  14 hobgoblins
  A jackal (D:4)
  25 kobolds
  3 quokkas
  4 ball pythons
  3 bats
  4 frilled lizards
  8 rats
259 creatures vanquished.

Vanquished Creatures (collateral kills)
  2 kobold brigands (Bailey)
2 creatures vanquished.

Vanquished Creatures (others)
  22 fungi (D:11)
  20 plants (D:11)
42 creatures vanquished.

Grand Total: 303 creatures vanquished

Notes
Turn   | Place    | Note
-------+----------+-------------------------------------------
     0 | D:1      | zishaf the Vine Stalker Brigand began the quest for the
                  | Orb.
     0 | D:1      | Reached XP level 1. HP: 11/11 MP: 2/2
   208 | D:1      | Found a faded altar of an unknown god.
   239 | D:1      | Reached skill level 1 in Dodging
   239 | D:1      | Reached XP level 2. HP: 10/15 MP: 1/3
   286 | D:1      | Reached skill level 5 in Stealth
  1006 | D:2      | Reached XP level 3. HP: 18/18 MP: 4/4
  1316 | D:3      | Noticed an ogre
  1342 | D:3      | Killed an ogre
  1343 | D:3      | Reached skill level 1 in Shields
  1343 | D:3      | Reached skill level 1 in Evocations
  1343 | D:3      | Gained mutation: Your natural rate of healing is unusually
                  | fast. [Vine Stalker growth]
  1343 | D:3      | Reached XP level 4. HP: 23/23 MP: 5/5
  1343 | D:3      | Reached XP level 5. HP: 27/27 MP: 6/6
  1935 | D:4      | Noticed a phantom
  1961 | D:4      | Gained mutation: Your flesh is heat resistant. (rF+)
                  | [potion of mutation]
  1961 | D:4      | Gained mutation: You are frail. (-10% HP) [potion of
                  | mutation]
  1961 | D:4      | Gained mutation: You have hidden genetic defects. [potion
                  | of mutation]
  1961 | D:4      | Gained mutation: You are partially covered in iridescent
                  | scales. (AC +2) [potion of mutation]
  1962 | D:4      | Lost mutation: Your flesh is heat resistant. (rF+) [potion
                  | of mutation]
  1962 | D:4      | Lost mutation: You are partially covered in iridescent
                  | scales. (AC +2) [potion of mutation]
  1962 | D:4      | Lost mutation: You are frail. (-10% HP) [potion of
                  | mutation]
  1962 | D:4      | Gained mutation: Your mind is acute. (Int +4, Str/Dex -1)
                  | [potion of mutation]
  1962 | D:4      | Gained mutation: You are agile. (Dex +4, Str/Int -1)
                  | [potion of mutation]
  1962 | D:4      | Gained mutation: You are partially covered in iridescent
                  | scales. (AC +2) [potion of mutation]
  1963 | D:4      | Lost mutation: You have hidden genetic defects. [potion of
                  | mutation]
  1963 | D:4      | Lost mutation: Your mind is acute. (Int +4, Str/Dex -1)
                  | [potion of mutation]
  1963 | D:4      | Lost mutation: You are partially covered in iridescent
                  | scales. (AC +2) [potion of mutation]
  1963 | D:4      | Gained mutation: You have razor-sharp teeth. [potion of
                  | mutation]
  1963 | D:4      | Gained mutation: You expend magic power (3 MP) to
                  | strengthen your wands. [potion of mutation]
  1992 | D:4      | Reached XP level 6. HP: 31/32 MP: 5/7
  2425 | D:4      | Reached XP level 7. HP: 24/36 MP: 8/8
  2441 | D:4      | Found Catusu Joul's Assorted Antiques.
  2633 | D:4      | Identified the +4 mace "Quykuigh" {drain, rElec Dex+5}
  3111 | D:5      | Entered Level 5 of the Dungeon
  3309 | D:5      | Found a staircase to the Ecumenical Temple.
  3320 | Temple   | Entered the Ecumenical Temple
  3385 | Temple   | Became a worshipper of Uskayaw the Reveller
  3419 | D:5      | Reached * piety under Uskayaw
  3523 | D:5      | Found a shimmering blue altar of Sif Muna.
  3752 | D:5      | Lost mutation: You are agile. (Dex +4, Str/Int -1) [potion
                  | of mutation]
  3752 | D:5      | Lost mutation: You expend magic power (3 MP) to strengthen
                  | your wands. [potion of mutation]
  3752 | D:5      | Gained mutation: Your muscles are strong. (Str +4, Int/Dex
                  | -1) [potion of mutation]
  3752 | D:5      | Gained mutation: You possess an exceptional clarity of
                  | mind. [potion of mutation]
  4004 | D:6      | Reached ** piety under Uskayaw
  4006 | D:6      | Reached skill level 1 in Invocations
  4006 | D:6      | Reached *** piety under Uskayaw
  4218 | D:6      | Reached skill level 2 in Invocations
  4218 | D:6      | Mutation became permanent: You have extremely sharp teeth.
                  | [Vine Stalker growth]
  4218 | D:6      | Gained mutation: You have razor-sharp teeth. [Vine Stalker
                  | growth]
  4218 | D:6      | Reached XP level 8. HP: 42/42 MP: 10/10
  4224 | D:6      | Identified the +1 ring mail of Bimeusi {Int+4}
  4396 | D:6      | Noticed a troll
  4427 | D:6      | Killed a troll
  4536 | D:6      | Reached skill level 3 in Invocations
  5089 | D:7      | Reached skill level 4 in Invocations
  5148 | D:7      | Found a flagged portal.
  5162 | Bailey   | Entered a bailey
  5205 | Bailey   | Reached **** piety under Uskayaw
  5208 | Bailey   | Reached skill level 5 in Short Blades
  5208 | Bailey   | Reached XP level 9. HP: 16/46 MP: 13/13
  5213 | Bailey   | Reached ***** piety under Uskayaw
  5215 | Bailey   | Reached skill level 5 in Fighting
  5303 | Bailey   | Reached skill level 5 in Invocations
  5361 | Bailey   | Noticed an orc knight
  5393 | Bailey   | Killed an orc knight
  5394 | Bailey   | Reached skill level 6 in Invocations
  5423 | Bailey   | Found an iron altar of Okawaru.
  5436 | Bailey   | Identified the +4 broad axe "Demonbane" {pain, rC+ MP+9
                  | Dex-2 SInv}
  5678 | D:7      | Noticed Menkaure
  5695 | D:7      | Killed Menkaure
  5696 | D:7      | Reached skill level 7 in Invocations
  6261 | D:7      | Reached XP level 10. HP: 53/53 MP: 16/16
  6712 | D:8      | Reached skill level 8 in Invocations
  6882 | D:8      | Found an iron altar of Okawaru.
  7046 | D:8      | Found Seolapho's Weapon Shoppe.
  7400 | D:9      | Noticed a kobold demonologist
  7487 | D:9      | Killed a kobold demonologist
  7488 | D:9      | Reached skill level 9 in Invocations
  7618 | D:9      | Noticed a two-headed ogre
  7687 | D:9      | Killed a two-headed ogre
  7820 | D:9      | Reached XP level 11. HP: 40/58 MP: 19/19
  7849 | D:9      | Reached skill level 10 in Invocations
  7921 | D:9      | Found a broken altar of Ashenzari.
  7921 | D:9      | Found a sparkling altar of Nemelex Xobeh.
  8016 | D:10     | Entered Level 10 of the Dungeon
  8055 | D:10     | Noticed a two-headed ogre
  8083 | D:10     | Killed a two-headed ogre
  8306 | D:10     | Noticed Erolcha
  8317 | D:10     | Killed Erolcha
  8507 | D:10     | Reached skill level 11 in Invocations
  8820 | D:11     | Noticed a two-headed ogre
  8835 | D:11     | Killed a two-headed ogre
  8859 | D:11     | Reached ****** piety under Uskayaw
  9330 | D:11     | Noticed a skeletal warrior
  9348 | D:11     | Killed a skeletal warrior
  9443 | D:11     | Noticed a skeletal warrior
  9444 | D:11     | Noticed a skeletal warrior
  9471 | D:11     | Killed a skeletal warrior
  9472 | D:11     | Reached skill level 12 in Invocations
  9586 | D:11     | Noticed a cyclops
  9587 | D:11     | Found a staircase to the Orcish Mines.
  9619 | D:11     | Killed a cyclops
  9620 | D:11     | Reached XP level 12. HP: 66/66 MP: 22/22
  9669 | D:11     | Found a staircase to the Lair.
  9676 | D:11     | Found a staircase to the Lair.
  9691 | D:11     | Found a staircase to the Orcish Mines.
 10062 | D:11     | HP: 1/66 [skeletal warrior/+0 flail (11)]
 10291 | D:11     | Mangled by a skeletal warrior

Illustrated notes

Levels and vault maps discovered:
D:1:      minmay_arrival_four_circles, layout_loops_ring,
          shapermc_ecumenical_altar_totnotflames
D:2:      layout_rooms, minivault_5
D:3:      layout_basic, grunt_ministairs_13, kennysheep_crisscross
D:4:      layout_cave_pods, serial_shops, shop, minmay_quadrilaterals
D:5:      layout_basic, nicolae_sif_muna_little_library, temple_statues
D:6:      layout_gridville
D:7:      corexii_shantytown, layout_basic, enter_bailey_2, grunt_ministairs_14,
          nrook_campfire, uniq_menkaure
D:8:      layout_loops_ring, old_standard_altar, serial_shops, shop
D:9:      layout_cross, mainiacjoe_overflow_divided_tiny, chequers_garden,
          small_statue_intersection
D:10:     layout_roguey, the_hattery, uniq_erolcha
D:11:     layout_basic, grunt_lair_entry_orc_guard_hut, orc_0_dummy,
          grunt_decor_arrowhead
Temple:   hc_temple_tempest_star

Skill      XL: |  1  2  3  4  5  6  7  8  9 10 11 |
---------------+----------------------------------+-----
Dodging        | 1 |  1.0
Short Blades   | 2 3 4 5 6 7 8 |  8.0
Stealth        | 5 |  5.0
Fighting       | 2 3 4 6 7 9 |  9.1
Throwing       | 2 |  2.0
Shields        | 1 2 3 4 |  4.0
Evocations     | 1 2 3 4 |  4.0
Invocations    | 2 4 7 9 12 | 12.5

Action                   |  1- 3 |  4- 6 |  7- 9 | 10-12 || total
-------------------------+-------+-------+-------+-------++-------
Melee: Dagger            |    64 |   119 |   319 |   503 ||  1005
       Bite              |     7 |    34 |   120 |   245 ||   406
       Long sword        |       |       |       |    61 ||    61
Throw: Dart              |     6 |     3 |    23 |    19 ||    51
       Boomerang         |       |       |     4 |     3 ||     7
Invok: Grand Finale      |       |       |       |     1 ||     1
Evoke: Wand              |       |     2 |     5 |     2 ||     9
  Use: Scroll            |       |     6 |    11 |     4 ||    21
       Potion            |       |     3 |     1 |       ||     4
 Stab: Sleeping          |     8 |     3 |    17 |       ||    28
       Distracted        |       |     1 |       |     1 ||     2
       Paralysed         |       |       |     9 |    32 ||    41
       Invisible         |       |       |       |     1 ||     1
Armor: Robe              |     8 |    10 |       |       ||    18
       Ring mail         |       |    26 |    71 |       ||    97
       Leather armour    |       |       |     8 |   119 ||   127
Dodge: Dodged            |    25 |    64 |   147 |   196 ||   432
Block: Buckler           |     6 |    37 |    65 |    94 ||   202

Table legend: (Time is in decaauts)
 A = Elapsed time spent in this place.
 B = Non-inter-level travel time spent in this place.
 C = Inter-level travel time spent in this place.
 D = Time resting spent in this place.
 E = Time spent auto-exploring this place.
 F = Levels seen in this place.
 G = Mean time per level.
                   A        B        C        D        E       F      G
               +--------+--------+--------+--------+--------+-----+--------+
         Total |   9965 |   9646 |    319 |    435 |   6643 |  13 |  766.5 |
       Dungeon |   9544 |   9241 |    303 |    425 |   6522 |  11 |  867.6 |
        Temple |     81 |     65 |     16 |      0 |     45 |   1 |   81.0 |
        Bailey |    339 |    339 |      0 |     10 |     76 |   1 |  339.0 |
               +--------+--------+--------+--------+--------+-----+--------+

Top non-repeatable levels by time:
    D:11: 1469 daAuts
     D:7: 1106 daAuts
     D:4: 1066 daAuts
     D:3: 897 daAuts
     D:6: 871 daAuts
     D:5: 831 daAuts
     D:8: 754 daAuts
    D:10: 732 daAuts
     D:9: 660 daAuts
     D:1: 608 daAuts
     D:2: 543 daAuts
  Bailey: 339 daAuts
  Temple: 81 daAuts
